Map: Automaton LE

Players

JapJeww - Winner!

  • Race: Terran Terran
  • League: Silver
  • Spawn Location: 3:00

Throwfordays

  • Race: Zerg Zerg
  • League: Silver
  • Spawn Location: 9:00

VOD

Have the link to the VOD?

Description

Time

  • Played on: March 20, 2019, 8:53 p.m.
  • Length: 19:29
Show
View Real Time Build Order
Export as new Build Order

JapJeww Terran - Winner!

Build Orders:  

Get SALT Encoding   

  12  0:02  SCV  
  13  0:25  SCV, Supply Depot  
  14  0:32  Refinery  
  14  0:37  SCV  
  15  0:51  Barracks  
  15  0:59  SCV  
  15  1:00  Supply Depot  
  16  1:11  SCV  
  17  1:23  SCV  
  18  1:57  Factory  
  18  2:05  Barracks Reactor  
  18  2:12  Command Center  
  18  2:13  Orbital Command  
  18  2:45  Factory Tech Lab  
  18  2:46  Engineering Bay  
  18  2:56  Marine x2  
  20  3:05  Siege Tank  
  23  3:13  Marine  
  23  3:14  Marine  
  25  3:26  Refinery  
  25  3:31  Marine x2  
  27  3:34  Supply Depot  
  27  3:49  Marine  
  28  3:58  Siege Tank  
  31  4:03  Missile Turret  
  31  4:07  SCV  
  32  4:20  Terran Infantry Armor Level 1, SCV  
  28  4:26  Missile Turret  
  26  4:32  SCV  
  27  4:44  Marine x2, SCV  
  27  4:54  SCV  
  27  4:56  SCV  
  29  5:02  Marine x2  
  29  5:04  Siege Tank  
  29  5:06  SCV  
  35  5:18  SCV  
  35  5:20  Marine x2  
  38  5:30  SCV  
  38  5:33  Bunker  
  39  5:36  Siege Tank  
  39  5:37  Marine  
  39  5:38  Marine  
  39  5:39  Barracks  
  39  5:40  Barracks  
  44  5:42  SCV  
  44  5:46  Barracks  
  44  5:49  SCV  
  46  5:55  Marine x2, SCV  
  49  6:01  SCV  
  50  6:08  Siege Tank  
  53  6:32  Starport  
  53  6:37  Armory  
  53  6:48  Orbital Command  
  53  6:51  SCV  
  54  6:59  Supply Depot  
  54  7:01  Supply Depot  
  54  7:02  Supply Depot x2  
  54  7:03  Supply Depot  
  54  7:04  SCV  
  54  7:07  Marine  
  54  7:08  Marine x2  
  51  7:10  Starport  
  47  7:16  SCV  
  48  7:23  Marine x2  
  48  7:25  Marine x2  
  48  7:27  Barracks Tech Lab  
  48  7:28  Sensor Tower, SCV  
  53  7:40  SCV  
  53  7:41  Marine  
  55  7:44  Barracks Reactor x2  
  55  7:50  Starport Reactor  
  55  7:51  Starport Tech Lab  
  55  7:59  Missile Turret  
  55  8:09  Siege Tank  
  58  8:14  Medivac  
  60  8:21  Sensor Tower  
  60  8:33  Terran Infantry Weapons Level 1  
  60  8:44  Refinery  
  60  8:45  Refinery  
  60  8:46  SCV  
  60  8:47  SCV, Missile Turret  
  62  8:58  SCV  
  62  8:59  SCV  
  64  9:07  Missile Turret  
  64  9:11  SCV x2  
  64  9:14  Marine x6  
  64  9:15  Marine  
  73  9:23  SCV x2  
  75  9:28  Infernal Pre-Igniter, Missile Turret  
  77  9:31  Marine, Hellion  
  77  9:32  Marine x5  
  83  9:40  Cloaking Field  
  83  9:42  Banshee  
  88  9:53  Hellion  
  88  10:10  Command Center  
  90  10:14  Hellion  
  90  10:25  Banshee  
  93  10:37  Supply Depot  
  93  10:39  Supply Depot x2  
  93  10:42  Marine  
  94  10:47  Mag-Field Accelerator  
  94  10:58  Marine x2, Medivac x2  
  94  11:00  Supply Depot  
  94  11:04  Supply Depot x2, Terran Vehicle And Ship Armor Level 1  
  100  11:05  Terran Infantry Armor Level 2  
  100  11:28  Medivac x2  
  100  11:31  Viking  
  106  11:36  Hellion  
  108  11:42  Marine x5  
  108  11:43  Marine x2  
  115  11:57  Hellion  
  115  12:00  Marine x6  
  115  12:01  Marine, Viking  
  126  12:17  Marine  
  126  12:18  Hellion  
  129  12:36  Medivac x3  
  135  12:39  Marine x5  
  135  12:40  Marine x2, Hellion  
  138  12:57  Marine x5  
  138  12:58  Terran Vehicle Weapons Level 1  
  143  13:01  Hellion  
  145  13:20  SCV  
  145  13:21  Terran Infantry Weapons Level 2  
  145  13:23  Hellion  
  148  13:33  SCV  
  149  13:45  SCV  
  150  13:57  SCV  
  114  14:33  Medivac x2  
  114  14:34  Viking  
  114  14:38  Thor  
  126  15:03  Viking x3  
  129  15:33  Viking x3  
  129  15:34  Missile Turret  
  129  15:35  Missile Turret x2  
  135  15:44  Refinery  
  135  15:47  Marine x3  
  135  15:48  Marine x4  
  142  15:56  Missile Turret x2  
  142  15:59  Missile Turret  
  142  16:05  Marine x4  
  142  16:06  Marauder  
  142  16:10  Refinery  
  148  16:11  Armory  
  148  16:17  Missile Turret x2  
  148  16:19  Fusion Core  
  148  16:20  Missile Turret  
  148  16:28  Marauder  
  150  16:37  Missile Turret x2  
  150  16:42  Missile Turret  
  150  16:49  Marauder  
  152  16:58  Missile Turret  
  150  17:03  Missile Turret x2  
  135  17:11  Marauder  
  135  17:12  Marine x2  
  135  17:13  Marine x4  
  129  17:19  Missile Turret  
  129  17:21  Medivac  
  125  17:24  Missile Turret  
  123  17:30  Marine x3  
  123  17:31  Marine x4  
  128  17:48  Marine x4  
  128  17:49  Marine x3  
  135  18:06  Marine x2  
  135  18:20  Marine x2  
  135  18:21  Marine x3  
  135  18:23  Medivac x3  
  135  18:24  Marine x2  
  144  18:38  Marine x2  
  137  18:53  Medivac x3  
Show
View Real Time Build Order
Export as new Build Order

Throwfordays Zerg 

Build Orders: Hatch First 

Get SALT Encoding   

  12  0:02  Drone  
  13  0:09  Drone  
  14  0:36  Hatchery  
  14  0:40  Drone  
  14  0:46  Overlord  
  14  1:03  Spawning Pool  
  13  1:08  Drone  
  14  1:11  Drone  
  14  1:15  Drone  
  16  1:23  Drone  
  17  1:33  Drone  
  17  1:37  Extractor  
  17  1:42  Drone  
  18  1:52  Queen  
  20  1:54  Queen  
  20  1:55  Drone  
  20  2:00  Overlord  
  23  2:05  Drone  
  24  2:13  Drone  
  25  2:16  Drone x2  
  25  2:21  Evolution Chamber  
  26  2:30  Zergling x2  
  26  2:36  Drone x2  
  29  2:44  Metabolic Boost  
  29  2:46  Zergling x4  
  31  2:52  Drone  
  31  2:57  Zergling x2  
  33  3:05  Zergling x6  
  36  3:09  Overlord  
  36  3:10  Overlord x2  
  36  3:22  Overlord  
  36  3:26  Overlord  
  36  3:27  Queen  
  36  3:31  Zergling x4  
  40  3:34  Zergling x2  
  40  3:38  Drone  
  42  3:42  Drone x2  
  42  3:47  Drone  
  42  3:48  Drone  
  46  3:54  Queen  
  48  4:00  Drone x3  
  51  4:09  Drone x2  
  46  4:35  Zergling x6  
  49  4:41  Spine Crawler  
  49  4:42  Spine Crawler  
  49  4:43  Spine Crawler  
  43  4:48  Drone  
  44  4:53  Zergling x8  
  44  4:54  Zergling x4  
  44  4:58  Zerg Melee Weapons Level 1  
  44  4:59  Extractor, Evolution Chamber  
  48  5:02  Zergling x2  
  48  5:06  Zergling x2  
  50  5:13  Zergling x2  
  51  5:22  Drone  
  51  5:23  Drone x2  
  51  5:25  Zergling x4  
  56  5:28  Zerg Ground Armor Level 1  
  56  5:31  Drone x2  
  56  5:32  Drone  
  59  5:38  Zergling x2  
  60  5:46  Zergling x2  
  61  6:14  Drone x3  
  61  6:17  Zergling x4  
  61  6:18  Zergling x2  
  67  6:20  Drone x4  
  67  6:21  Queen  
  67  6:23  Zergling x6  
  76  6:32  Roach Warren  
  75  6:34  Queen, Baneling Nest  
  75  6:37  Overlord  
  75  6:39  Overlord  
  76  6:45  Extractor  
  75  6:47  Drone  
  75  6:48  Extractor  
  53  7:19  Lair  
  53  7:21  Zerg Missile Weapons Level 1  
  53  7:32  Drone x3  
  53  7:34  Drone  
  53  7:35  Drone x2  
  59  7:47  Drone x3  
  62  7:56  Roach  
  62  7:58  Roach x4  
  70  7:59  Roach  
  70  8:04  Hatchery  
  73  8:15  Hatchery  
  72  8:23  Drone x2, Spire  
  73  8:27  Spire  
  73  8:29  Hydralisk Den  
  73  8:31  Zergling x2  
  73  8:33  Roach x5  
  82  8:41  Zerg Ground Armor Level 2  
  82  8:49  Nydus Network  
  82  8:50  Infestation Pit  
  82  8:51  Pneumatized Carapace  
  80  8:56  Drone x2  
  80  8:57  Drone x3  
  80  9:01  Zergling x4  
  88  9:10  Drone  
  88  9:19  Zerg Missile Weapons Level 2  
  88  9:26  Drone x2  
  88  9:30  Extractor  
  89  9:31  Extractor  
  89  9:35  Drone x2  
  89  9:37  Drone  
  91  9:39  Queen  
  91  9:41  Queen  
  91  9:45  Hive  
  95  9:52  Zergling x4  
  97  9:53  Zergling x4  
  97  9:55  Zergling x6  
  97  9:56  Zergling x4  
  97  9:58  Overlord x2  
  104  10:01  Overlord  
  104  10:13  Overlord  
  104  10:14  Overlord x2  
  104  10:20  Drone x3  
  107  10:21  Extractor  
  107  10:25  Drone  
  107  10:31  Zergling x4  
  107  10:32  Zergling x4  
  107  10:35  Zerg Flyer Weapons Level 1  
  111  10:36  Zerg Flyer Armor Level 1  
  111  10:39  Mutalisk  
  111  10:40  Mutalisk x4  
  121  10:50  Hydralisk  
  121  10:51  Mutalisk x4  
  121  10:55  Mutalisk  
  133  11:00  Drone x3  
  133  11:01  Drone  
  133  11:02  Drone  
  138  11:10  Drone x5  
  143  11:15  Extractor  
  142  11:27  Mutalisk x4  
  150  11:36  Zerg Missile Weapons Level 3  
  150  11:43  Overlord x5  
  150  11:44  Overlord  
  150  11:59  Mutalisk  
  152  12:02  Mutalisk  
  153  12:12  Overseer x2  
  153  12:14  Overseer x2  
  150  12:23  Spore Crawler  
  145  12:43  Drone x5  
  145  12:44  Drone  
  151  12:54  Extractor  
  150  13:00  Viper x4  
  150  13:02  Mutalisk  
  164  13:08  Zerg Flyer Armor Level 2, Zerg Flyer Weapons Level 2  
  164  13:11  Zergling x2  
  165  13:13  Zergling x2  
  165  13:14  Zergling x14  
  165  13:15  Zergling x2  
  165  13:19  Drone x3  
  177  13:41  Mutalisk x4  
  177  13:43  Mutalisk x2  
  177  13:44  Mutalisk  
  191  13:48  Zergling x2  
  191  13:49  Zergling x8  
  191  13:54  Zergling x4  
  191  13:55  Zergling x2  
  199  14:08  Adrenal Glands  
  199  14:09  Centrifical Hooks  
  199  14:10  Glial Reconstitution  
  139  15:05  Zergling x6  
  142  15:08  Zergling x6  
  145  15:19  Drone x3  
  148  15:27  Mutalisk x2  
  148  15:28  Mutalisk x4  
  154  15:29  Tunneling Claws  
  154  15:32  Corruptor x2  
  164  15:36  Corruptor x2  
  164  15:39  Greater Spire  
  164  15:40  Zerg Flyer Weapons Level 3  
  168  15:43  Zerg Melee Weapons Level 2  
  168  15:44  Zerg Ground Armor Level 3  
  168  15:50  Mutalisk  
  168  15:51  Mutalisk x2  
  174  16:18  Hatchery  
  173  16:35  Corruptor x2  
  173  16:36  Corruptor x4  
  96  17:18  Zergling x6  
  80  17:23  Zergling x10  
  81  17:36  Zergling x6  
  76  17:54  Mutalisk x2  
  76  17:55  Mutalisk x3  
  76  17:57  Mutalisk x5  
  96  18:02  Brood Lord  
  96  18:03  Brood Lord x2  
  102  18:06  Brood Lord  
  67  18:36  Zergling x6  
  70  18:43  Drone x3  
  73  18:51  Overlord  
Tags
 
Matchup
TvZ
Replay Pack
Multiplayer
Spawn Locations
Cross Positions
Add a new tag
Caveats
  • Supply blocks, unpowered buildings, or Contaminate may cause inaccurate times.
  • Supply counts are checked every 10 seconds.